 Dungeon Crawl Stone Soup version 0.26-a0-64-g059e62fbdb (webtiles) character file.

Game seed: 8477480876845148467

104 Gargoyl the Skirmisher (level 4, 0/38 HPs)
             Began as a Centaur Abyssal Knight on June 11, 2020.
             Was a Believer of Lugonu.
             Succumbed to Crazy Yiuf's poison
             ... while paralysed by Crazy Yiuf
             ... on level 3 of the Dungeon.
             The game lasted 00:02:56 (3022 turns).

Gargoyl the Skirmisher (Centaur Abyssal Knight)     Turns: 3022, Time: 00:02:57

Health: 0/38       AC: 10    Str: 15    XL:     4   Next: 52%
Magic:  1/5        EV:  1    Int: 11    God:    Lugonu [**....]
Gold:   151        SH:  0    Dex:  9    Spells: 3/3 levels left

rFire    . . .     SeeInvis .   a - +1 hand axe
rCold    . . .     Gourm    .   (no shield)
rNeg     . . .     Faith    .   d - +0 chain mail
rPois    .         Spirit   .   (no helmet)
rElec    .         Reflect  .   i - +1 cloak
rCorr    +         Harm     .   j - +0 pair of gloves
MR       .....                  (no barding)
Stlth    ..........             (no amulet)
HPRegen  0.12/turn              m - ring of resist corrosion
MPRegen  0.09/turn              (no ring)

@: paralysed, lethally poisoned (0 -> -7), very slightly contaminated, lightly
drained, invisible, very quick
A: large, hooves 3, deformed body, speed 2, tough skin 3
a: Depart the Abyss, Bend Space, Renounce Religion


You were on level 3 of the Dungeon.
You worshipped Lugonu.
Lugonu was pleased with you.
You were hungry.

You visited 1 branch of the dungeon, and saw 3 of its levels.
You visited the Abyss 1 time.

You collected 151 gold pieces.

Inventory:

Hand Weapons
 a - a +1 hand axe (weapon)
Missiles
 k - 3 boomerangs (quivered)
Armour
 d - a +0 chain mail (worn)
 i - a +1 cloak (worn)
 j - a +0 pair of gloves (worn)
Jewellery
 m - a ring of resist corrosion (left hand)
Scrolls
 e - 4 scrolls of teleportation
 h - 3 scrolls of identify
 p - 3 scrolls of remove curse
Potions
 b - 4 potions of curing {unknown}
 f - a potion of magic {unknown}
 g - 2 potions of lignification {unknown}
 l - a potion of ambrosia {unknown}
 n - 2 potions of stabbing {unknown}
 o - 2 potions of haste {unknown}
Comestibles
 c - 5 rations


   Skills:
 + Level 3.5(3.3) Fighting
 + Level 2.7(2.5) Axes
 * Level 2.1(1.8) Armour
 * Level 1.3(1.1) Dodging
 * Level 2.6(2.3) Invocations


You had 3 spell levels left.
You didn't know any spells.
Your spell library contained the following spells:

 Spells                   Type           Power        Failure   Level  Hunger
 Magic Dart               Conj           #...         100%        1    ##.....
 Blink                    Tloc           N/A          100%        2    ###....
 Call Imp                 Summ           #.......     100%        2    ###....
 Slow                     Hex            #.......     100%        2    ###....
 Conjure Flame            Conj/Fire      #.......     100%        3    ####...
 Mephitic Cloud           Conj/Pois/Air  #.......     100%        3    ####...


Dungeon Overview and Level Annotations

Branches:
Dungeon (3/15)

Altars:
Sif Muna

Annotations:
D:3 Crazy Yiuf


Innate Abilities, Weirdness & Mutations

You have hooves in place of feet.
Armour fits poorly on your strangely shaped body.
You cover ground very quickly.
You have extremely tough skin. (AC +3)


Message History

Crazy Yiuf is lightly wounded.
Crazy Yiuf hits you with a +4 quarterstaff of chaos!
You fade into invisibility!
You are very lightly contaminated with residual magic.
You slash Crazy Yiuf!
Crazy Yiuf is heavily wounded.
Crazy Yiuf cries, "Dawk foot meccalolo!"
Crazy Yiuf hits you with a +4 quarterstaff of chaos.
You are poisoned.
You strike the helpless Crazy Yiuf from behind!
You hit Crazy Yiuf.
Crazy Yiuf is severely wounded.
You feel sick.
Crazy Yiuf hits you with a +4 quarterstaff of chaos.
You suddenly lose the ability to move!
You feel sick.
Crazy Yiuf hits you with a +4 quarterstaff of chaos!
* * * LOW HITPOINT WARNING * * *
You feel your power leaking away.
You die...

...###...........######
......###.####........#
....<.# #.# #.#.####.#
......# #.# ##### ###
......# #.#
......###.## ♣♣♣♣♣###
...#.###...#
#####♣♣♣.♣....##
...#.###..##
#...#♣..♣......##
...#.##..##
#.g@'.♣♣♣♣......#
.....#.#.## #)..#♣♣
♣♣.....# ###...##..##
##### ♣♣###.# #
#......#.# #..#
###.#.#...## #.##
...........# ### ####.#
#.#...#..### #.# #.#..#
..#..###.#
#.#######.#.##
....#.#.##
#...........#


You could see Crazy Yiuf.

Vanquished Creatures
  A hound zombie (D:3)
  3 adders (D:3)
  2 oozes
  2 worms
  3 dart slugs
  3 giant cockroaches
  6 goblins
  4 hobgoblins
  8 bats
  5 frilled lizards
  5 kobolds
  3 rats
45 creatures vanquished.

Notes
Turn   | Place    | Note
-------+----------+-------------------------------------------
     0 | Abyss:1  | Gargoyl the Centaur Abyssal Knight began the quest for the
                  | Orb.
     0 | Abyss:1  | Reached XP level 1. HP: 19/19 MP: 2/2
    36 | Abyss:1  | Noticed a small abomination
    62 | Abyss:1  | Found a bloodstained altar of Trog.
    62 | Abyss:1  | Found a hazy altar of Hepliaklqana.
    62 | Abyss:1  | Found a sparkling altar of Nemelex Xobeh.
    62 | Abyss:1  | Found a shimmering blue altar of Sif Muna.
    62 | Abyss:1  | Found a white marble altar of Elyvilon.
    62 | Abyss:1  | Found an ornate altar of the Wu Jian Council.
    62 | Abyss:1  | Noticed a sun demon
    63 | Abyss:1  | Found a shadowy altar of Dithmenos.
    63 | Abyss:1  | Found a glowing silver altar of Zin.
    63 | Abyss:1  | Found a blossoming altar of Fedhas.
    63 | Abyss:1  | Found a snail-covered altar of Cheibriados.
    66 | Abyss:1  | Noticed a wizard
    69 | D:1      | Escaped the Abyss
   279 | D:1      | Reached XP level 2. HP: 25/26 MP: 3/3
   288 | D:1      | Reached * piety under Lugonu
   631 | D:1      | Reached skill level 1 in Dodging
  1191 | D:2      | Reached XP level 3. HP: 31/31 MP: 4/4
  1616 | D:2      | Found a shimmering blue altar of Sif Muna.
  2014 | D:3      | Reached XP level 4. HP: 29/38 MP: 5/5
  2190 | D:3      | Found a runed translucent door.
  2191 | D:3      | Noticed Crazy Yiuf
  2500 | D:3      | Reached ** piety under Lugonu
  3020 | D:3      | Paralysed by Crazy Yiuf for 3 turns
  3021 | D:3      | HP: 1/38 [Crazy Yiuf/+4 quarterstaff of chaos (11)]
  3022 | D:3      | Succumbed to Crazy Yiuf's poison

Illustrated notes

Levels and vault maps discovered:
D:1:      lightli_arrival_maybe_door_vault, layout_basic
D:2:      layout_rooms, lemuel_blue_sif_altar
D:3:      layout_loops_ring, uniq_crazy_yiuf_cottage

Skill      XL: |  1  2  3 |
---------------+----------+-----
Axes           | 2 |  2.7
Dodging        | 1 |  1.3
Armour         | 2 |  2.1
Fighting       | |  3.5
Invocations    | |  2.6

Action                   |  1- 3 |  4- 6 || total
-------------------------+-------+-------++-------
Melee: Hand axe          |   108 |    50 ||   158
       Kick              |    13 |     5 ||    18
Invok: Depart the Abyss  |     1 |       ||     1
  Use: Scroll            |     5 |       ||     5
 Stab: Invisible         |       |     1 ||     1
  Eat: Chunk             |     2 |     2 ||     4
Armor: Chain mail        |    88 |    71 ||   159
Dodge: Dodged            |    32 |    14 ||    46

Table legend:
 A = Non-vault XP
 B = Vault XP
 C = Vault XP percentage of total XP
 D = Non-vault monster count
 E = Vault monster count
 F = Vault count percentage of total count
                 A         B        C        D         E       F
            +---------+---------+-------+---------+---------+-------
      Total |     149 |       0 |   0.0 |      45 |       0 |   0.0
            +---------+---------+-------+---------+---------+-------
        D:1 |      38 |       0 |   0.0 |      19 |       0 |   0.0
        D:2 |      32 |       0 |   0.0 |      13 |       0 |   0.0
        D:3 |      79 |       0 |   0.0 |      13 |       0 |   0.0
            +---------+---------+-------+---------+---------+-------
